2980 views
Uploaded 2020-03-09 20:23:55
Game version 1.32.2
14:26 long 3on3 ladder game on (6)StranglethornVale
Saved by BEARAND
2980 views
Uploaded 2020-03-09 20:23:55
Game version 1.32.2
14:26 long 3on3 ladder game on (6)StranglethornVale


51 units @ 4.7k
/ 0.3k
107 buildings @ 10.7k
/ 5.7k
BEARAND
(14:22) : 

| Potion of Healing | 1 | 150 |
| Staff of Teleportation | 2 | 300 |
| Boots of Speed | 2 | 500 |
| Healing Salve | 1 | 100 |
| total: | 6 | 1050g |
| Peasant | 17 | 1275 | / | 0 |
| Goblin Shredder | 1 | 375 | / | 100 |
| total: | 18 | 1650g | / | 100w |
| Scout Tower | 38 | 1140 | / | 760 |
| Arcane Tower | 3 | 210 | / | 150 |
| Guard Tower | 18 | 1260 | / | 900 |
| Altar of Kings | 1 | 180 | / | 50 |
| Farm | 4 | 320 | / | 80 |
| Lumber Mill | 1 | 120 | / | 0 |
| Arcane Vault | 4 | 520 | / | 120 |
| Town Hall | 2 | 770 | / | 410 |
| Keep | 1 | 320 | / | 210 |
| Castle | 1 | 360 | / | 210 |
| total: | 50 | 3050g | / | 1420w |
| 0:03 | Peasant |
| 0:03 | Peasant |
| 0:14 | Altar of Kings |
| 0:19 | Farm |
| 0:25 | Lumber Mill |
| 0:32 | Peasant |
| 0:37 | Peasant |
| 0:40 | Peasant |
| 0:57 | Peasant |
| 1:16 | Peasant |
| 1:20 | Farm |
| 1:23 | Peasant |
| 1:31 | Scout Tower |
| 1:34 | Peasant |
| 1:48 | Scout Tower |
| 1:56 | Arcane Tower |
| 1:58 | Scout Tower |
| 2:12 | Blizzard |
| 2:14 | Guard Tower |
| 2:45 | Guard Tower |
| 2:46 | Scout Tower |
| 3:44 | Brilliance Aura |
| 3:46 | Peasant |
| 3:46 | Peasant |
| 3:46 | Peasant |
| 3:46 | Peasant |
| 3:47 | Peasant |
| 3:50 | Guard Tower |
| 3:51 | Scout Tower |
| 4:05 | Staff of Teleportation |
| 4:05 | Boots of Speed |
| 4:12 | Improved Masonry |
| 4:17 | Guard Tower |
| 4:18 | Scout Tower |
| 5:12 | Keep |
| 5:12 | Guard Tower |
| 5:14 | Scout Tower |
| 5:14 | Scout Tower |
| 5:15 | Scout Tower |
| 5:17 | Scout Tower |
| 5:18 | Scout Tower |
| 5:18 | Scout Tower |
| 5:20 | Healing Salve |
| 5:30 | Farm |
| 5:32 | Farm |
| 5:50 | Arcane Vault |
| 5:52 | Arcane Vault |
| 5:52 | Guard Tower |
| 6:33 | Blizzard |
| 6:43 | Town Hall |
| 6:45 | Town Hall |
| 6:48 | Scout Tower |
| 6:49 | Scout Tower |
| 6:49 | Scout Tower |
| 6:56 | Guard Tower |
| 7:00 | Scout Tower |
| 7:01 | Scout Tower |
| 7:02 | Scout Tower |
| 7:02 | Scout Tower |
| 7:03 | Scout Tower |
| 7:22 | Scout Tower |
| 7:23 | Scout Tower |
| 7:25 | Scout Tower |
| 8:17 | Guard Tower |
| 8:19 | Potion of Healing |
| 9:01 | Guard Tower |
| 9:06 | Peasant |
| 9:06 | Peasant |
| 9:10 | Improved Lumber Harvesting |
| 9:23 | Storm Bolt |
| 9:29 | Goblin Shredder |
| 9:34 | Arcane Vault |
| 9:54 | Boots of Speed |
| 9:54 | Staff of Teleportation |
| 10:07 | Peasant |
| 11:00 | Castle |
| 11:07 | Guard Tower |
| 11:09 | Advanced Masonry |
| 11:10 | Arcane Tower |
| 11:10 | Arcane Tower |
| 11:11 | Guard Tower |
| 11:16 | Scout Tower |
| 11:17 | Scout Tower |
| 11:18 | Scout Tower |
| 11:19 | Scout Tower |
| 11:26 | Arcane Vault |
| 11:35 | Scout Tower |
| 11:36 | Scout Tower |
| 11:36 | Scout Tower |
| 11:37 | Scout Tower |
| 11:38 | Scout Tower |
| 11:39 | Scout Tower |
| 11:40 | Scout Tower |
| 11:40 | Scout Tower |
| 11:41 | Scout Tower |
| 11:42 | Scout Tower |
| 11:49 | Guard Tower |
| 12:33 | Guard Tower |
| 12:37 | Guard Tower |
| 12:40 | Scout Tower |
| 13:54 | Brilliance Aura |
| 13:57 | Bash |
| Right click | 1275 |
| Select | 396 |
| Select group | 93 |
| Build/train/purchase | 84 |
| Use ability | 31 |
| Chat | 11 |
| Assign group | 8 |
| Misc. action | 6 |
| Resource trade | 5 |
| Item give/drop | 4 |


| Healing Salve | 2 | 200 |
| Lesser Clarity Potion | 3 | 210 |
| Orb of Lightning | 1 | 375 |
| Circlet of Nobility | 2 | 350 |
| Boots of Speed | 2 | 500 |
| Staff of Teleportation | 2 | 300 |
| total: | 12 | 1935g |
| Peon | 16 | 1200 | / | 0 |
| total: | 16 | 1200g | / | 0w |
| Watch Tower | 20 | 2200 | / | 1600 |
| Altar of Storms | 1 | 180 | / | 50 |
| Orc Burrow | 3 | 480 | / | 120 |
| War Mill | 1 | 205 | / | 0 |
| Voodoo Lounge | 2 | 260 | / | 60 |
| Great Hall | 1 | 385 | / | 185 |
| Beastiary | 1 | 145 | / | 140 |
| Stronghold | 1 | 315 | / | 190 |
| Fortress | 1 | 325 | / | 190 |
| total: | 29 | 3855g | / | 2155w |
| 0:04 | Peon |
| 0:04 | Peon |
| 0:05 | Altar of Storms |
| 0:11 | Orc Burrow |
| 0:16 | Peon |
| 0:27 | Peon |
| 0:38 | Peon |
| 0:48 | War Mill |
| 0:53 | Peon |
| 1:14 | Voodoo Lounge |
| 1:19 | Peon |
| 1:28 | Peon |
| 1:42 | Peon |
| 1:49 | Peon |
| 2:00 | Peon |
| 2:09 | Wind Walk |
| 2:10 | Peon |
| 2:13 | Orc Burrow |
| 2:17 | Watch Tower |
| 2:20 | Healing Salve |
| 2:20 | Lesser Clarity Potion |
| 2:20 | Lesser Clarity Potion |
| 2:43 | Circlet of Nobility |
| 3:01 | Watch Tower |
| 3:36 | Watch Tower |
| 3:37 | Stronghold |
| 3:39 | Spiked Barricades |
| 4:33 | Critical Strike |
| 4:44 | Watch Tower |
| 4:46 | Watch Tower |
| 5:37 | Voodoo Lounge |
| 5:42 | Boots of Speed |
| 5:47 | Watch Tower |
| 5:50 | Watch Tower |
| 6:26 | Fortress |
| 6:31 | Reinforced Defenses |
| 6:55 | Hex |
| 7:04 | Watch Tower |
| 7:06 | Watch Tower |
| 7:13 | Staff of Teleportation |
| 7:23 | Boots of Speed |
| 7:52 | Orc Burrow |
| 8:26 | Watch Tower |
| 8:26 | Watch Tower |
| 8:33 | Watch Tower |
| 8:59 | Wind Walk |
| 9:04 | Great Hall |
| 9:12 | Lesser Clarity Potion |
| 9:21 | Orb of Lightning |
| 9:24 | Healing Salve |
| 9:35 | Watch Tower |
| 9:38 | Watch Tower |
| 10:03 | Beastiary |
| 10:09 | Healing Wave |
| 10:13 | Staff of Teleportation |
| 10:39 | Watch Tower |
| 10:47 | Watch Tower |
| 12:06 | Watch Tower |
| 12:06 | Watch Tower |
| 12:07 | Peon |
| 12:07 | Peon |
| 12:08 | Peon |
| 12:08 | Peon |
| 12:10 | Circlet of Nobility |
| 13:43 | Critical Strike |
| 14:03 | Watch Tower |
| 14:04 | Watch Tower |
| Right click | 1034 |
| Select group | 407 |
| Select | 93 |
| Chat | 83 |
| Build/train/purchase | 63 |
| Use ability | 21 |
| Misc. action | 8 |
| Minimap ping | 6 |
| Assign group | 4 |
| Esc | 3 |
| Item give/drop | 2 |

| Healing Salve | 5 | 500 |
| Lesser Clarity Potion | 5 | 350 |
| Scroll of Speed | 1 | 50 |
| Boots of Speed | 1 | 250 |
| Staff of Teleportation | 1 | 150 |
| total: | 13 | 1300g |
| Peon | 12 | 900 | / | 0 |
| Raider | 5 | 900 | / | 200 |
| total: | 17 | 1800g | / | 200w |
| Watch Tower | 18 | 1980 | / | 1440 |
| Altar of Storms | 1 | 180 | / | 50 |
| Orc Burrow | 4 | 640 | / | 160 |
| War Mill | 1 | 205 | / | 0 |
| Voodoo Lounge | 1 | 130 | / | 30 |
| Great Hall | 1 | 385 | / | 185 |
| Beastiary | 2 | 290 | / | 280 |
| Stronghold | 2 | 630 | / | 380 |
| Fortress | 1 | 325 | / | 190 |
| total: | 28 | 3810g | / | 2145w |
| 0:01 | Peon |
| 0:04 | Altar of Storms |
| 0:05 | Peon |
| 0:15 | Peon |
| 0:18 | Orc Burrow |
| 0:37 | War Mill |
| 0:49 | Peon |
| 0:57 | Peon |
| 1:18 | Voodoo Lounge |
| 1:19 | Peon |
| 1:23 | Peon |
| 1:37 | Peon |
| 1:50 | Watch Tower |
| 1:54 | Peon |
| 2:05 | Wind Walk |
| 2:09 | Peon |
| 2:16 | Watch Tower |
| 2:59 | Watch Tower |
| 3:07 | Stronghold |
| 3:41 | Watch Tower |
| 3:47 | Orc Burrow |
| 3:51 | Boots of Speed |
| 3:52 | Staff of Teleportation |
| 4:01 | Healing Salve |
| 4:01 | Lesser Clarity Potion |
| 4:04 | Lesser Clarity Potion |
| 4:11 | Spiked Barricades |
| 5:16 | Critical Strike |
| 5:28 | Beastiary |
| 5:34 | Fortress |
| 5:45 | Watch Tower |
| 6:25 | Beastiary |
| 6:27 | Orc Burrow |
| 6:48 | Watch Tower |
| 7:00 | Watch Tower |
| 7:11 | Watch Tower |
| 8:20 | Ensnare |
| 8:20 | Raider |
| 8:22 | Pillage |
| 8:26 | Healing Salve |
| 8:30 | Lesser Clarity Potion |
| 8:35 | Orc Burrow |
| 8:37 | Watch Tower |
| 8:41 | Watch Tower |
| 8:58 | Raider |
| 9:31 | Watch Tower |
| 9:45 | Wind Walk |
| 9:51 | Watch Tower |
| 10:42 | Watch Tower |
| 10:43 | Watch Tower |
| 10:48 | Great Hall |
| 10:50 | Peon |
| 10:50 | Peon |
| 10:57 | Backpack |
| 11:01 | Watch Tower |
| 11:09 | Lesser Clarity Potion |
| 11:11 | Healing Salve |
| 11:14 | Raider |
| 11:14 | Raider |
| 11:33 | Steel Melee Weapons |
| 11:38 | Steel Armor |
| 12:45 | Raider |
| 12:48 | Thorium Melee Weapons |
| 12:51 | Watch Tower |
| 12:57 | Watch Tower |
| 13:04 | Healing Salve |
| 13:09 | Lesser Clarity Potion |
| 13:10 | Healing Salve |
| 13:21 | Scroll of Speed |
| 13:37 | Watch Tower |
| Right click | 750 |
| Assign group | 486 |
| Select group | 189 |
| Select | 127 |
| Build/train/purchase | 73 |
| Use ability | 27 |
| Chat | 8 |
| Item give/drop | 4 |
| Minimap ping | 2 |
| Misc. action | 1 |
| Remove unit | 1 |
93 units @ 10.7k
/ 0.6k
43 buildings @ 6.7k
/ 2.8k


| Peon | 20 | 1500 | / | 0 |
| Shaman | 5 | 650 | / | 100 |
| total: | 25 | 2150g | / | 100w |
| Altar of Storms | 1 | 180 | / | 50 |
| Orc Burrow | 8 | 1280 | / | 320 |
| Spirit Lodge | 2 | 300 | / | 300 |
| Tauren Totem | 1 | 135 | / | 155 |
| Stronghold | 1 | 315 | / | 190 |
| Fortress | 1 | 325 | / | 190 |
| total: | 12 | 1895g | / | 825w |
| 0:03 | Peon |
| 0:04 | Peon |
| 0:04 | Peon |
| 0:08 | Altar of Storms |
| 0:53 | Orc Burrow |
| 1:04 | Peon |
| 1:04 | Peon |
| 1:29 | Peon |
| 1:54 | Peon |
| 2:15 | Stronghold |
| 2:35 | Orc Burrow |
| 2:43 | Feral Spirit |
| 3:55 | Orc Burrow |
| 4:17 | Orc Burrow |
| 5:04 | Peon |
| 5:04 | Peon |
| 5:04 | Peon |
| 5:04 | Peon |
| 5:05 | Peon |
| 5:29 | Spirit Lodge |
| 6:23 | Peon |
| 6:29 | Spirit Lodge |
| 6:38 | Peon |
| 7:07 | Peon |
| 7:07 | Peon |
| 7:07 | Peon |
| 7:07 | Peon |
| 7:16 | Orc Burrow |
| 7:32 | Shaman Adept Training |
| 8:46 | Fortress |
| 9:27 | Healing Wave |
| 9:31 | Witch Doctor Adept Training |
| 9:34 | Shaman |
| 9:39 | Orc Burrow |
| 10:22 | Shaman |
| 10:28 | Orc Burrow |
| 10:34 | Orc Burrow |
| 10:46 | Tauren Totem |
| 11:50 | Peon |
| 11:50 | Peon |
| 11:58 | Shaman Master Training |
| 12:39 | Shaman |
| 13:12 | Witch Doctor Master Training |
| 13:15 | Shaman |
| 13:15 | Shaman |
| Right click | 580 |
| Select | 243 |
| Build/train/purchase | 57 |
| Use ability | 5 |
| Minimap ping | 3 |
| Remove unit | 2 |


| Peasant | 20 | 1500 | / | 0 |
| Footman | 9 | 1215 | / | 0 |
| Rifleman | 4 | 820 | / | 120 |
| Mortar Team | 4 | 720 | / | 280 |
| Makrura Snapper | 1 | 315 | / | 0 |
| Giant Sea Turtle | 1 | 295 | / | 35 |
| total: | 39 | 4865g | / | 435w |
| Scout Tower | 1 | 30 | / | 20 |
| Altar of Kings | 1 | 180 | / | 50 |
| Barracks | 2 | 320 | / | 120 |
| Farm | 5 | 400 | / | 100 |
| Town Hall | 1 | 385 | / | 205 |
| Blacksmith | 1 | 140 | / | 60 |
| Arcane Vault | 1 | 130 | / | 30 |
| Workshop | 2 | 280 | / | 280 |
| Keep | 2 | 640 | / | 420 |
| total: | 14 | 1865g | / | 865w |
| 0:05 | Altar of Kings |
| 0:06 | Peasant |
| 0:12 | Barracks |
| 0:18 | Peasant |
| 0:19 | Peasant |
| 0:29 | Farm |
| 0:39 | Peasant |
| 0:49 | Peasant |
| 1:03 | Farm |
| 1:17 | Peasant |
| 1:22 | Footman |
| 1:32 | Peasant |
| 1:47 | Footman |
| 2:02 | Peasant |
| 2:14 | Holy Light |
| 2:31 | Footman |
| 2:58 | Keep |
| 3:27 | Town Hall |
| 3:36 | Devotion Aura |
| 3:46 | Farm |
| 4:20 | Farm |
| 4:36 | Peasant |
| 4:36 | Peasant |
| 4:47 | Footman |
| 4:59 | Barracks |
| 5:22 | Footman |
| 5:37 | Peasant |
| 5:46 | Makrura Snapper |
| 5:47 | Giant Sea Turtle |
| 6:21 | Footman |
| 6:22 | Footman |
| 6:34 | Keep |
| 6:41 | Blacksmith |
| 6:42 | Footman |
| 6:42 | Footman |
| 6:45 | Farm |
| 6:58 | Holy Light |
| 8:31 | Rifleman |
| 8:31 | Rifleman |
| 8:40 | Arcane Vault |
| 8:51 | Peasant |
| 10:21 | Workshop |
| 10:25 | Workshop |
| 10:52 | Peasant |
| 10:52 | Peasant |
| 10:55 | Peasant |
| 11:23 | Storm Bolt |
| 11:36 | Mortar Team |
| 11:36 | Mortar Team |
| 12:23 | Peasant |
| 12:23 | Peasant |
| 12:24 | Peasant |
| 12:26 | Peasant |
| 12:26 | Peasant |
| 12:48 | Scout Tower |
| 12:54 | Mortar Team |
| 12:54 | Mortar Team |
| 13:18 | Rifleman |
| 13:18 | Rifleman |
| Right click | 742 |
| Select group | 546 |
| Select | 153 |
| Build/train/purchase | 57 |
| Assign group | 18 |
| Chat | 14 |
| Use ability | 8 |
| Misc. action | 5 |
| Remove unit | 2 |
| Esc | 1 |

| Scroll of Town Portal | 1 | 350 |
| total: | 1 | 350g |
| Peon | 17 | 1275 | / | 0 |
| Grunt | 11 | 2200 | / | 0 |
| Demolisher | 1 | 220 | / | 50 |
| total: | 29 | 3695g | / | 50w |
| Watch Tower | 2 | 220 | / | 160 |
| Altar of Storms | 1 | 180 | / | 50 |
| Orc Burrow | 9 | 1440 | / | 360 |
| Barracks | 1 | 180 | / | 50 |
| War Mill | 1 | 205 | / | 0 |
| Great Hall | 1 | 385 | / | 185 |
| Tauren Totem | 1 | 135 | / | 155 |
| Spirit Lodge | 1 | 150 | / | 150 |
| Stronghold | 1 | 315 | / | 190 |
| Fortress | 1 | 325 | / | 190 |
| total: | 17 | 2895g | / | 1110w |
| 0:06 | Altar of Storms |
| 0:07 | Peon |
| 0:10 | Orc Burrow |
| 0:30 | Barracks |
| 0:46 | Peon |
| 0:57 | Peon |
| 1:16 | Peon |
| 1:35 | Grunt |
| 1:46 | Orc Burrow |
| 2:14 | Feral Spirit |
| 2:23 | Grunt |
| 2:30 | War Mill |
| 3:03 | Peon |
| 3:03 | Peon |
| 3:06 | Grunt |
| 3:48 | Orc Burrow |
| 3:53 | Peon |
| 3:55 | Grunt |
| 4:15 | Grunt |
| 4:51 | Grunt |
| 5:05 | Grunt |
| 5:33 | Great Hall |
| 5:40 | Orc Burrow |
| 6:01 | Stronghold |
| 6:41 | Orc Burrow |
| 7:23 | Scroll of Town Portal |
| 7:32 | Grunt |
| 7:36 | Orc Burrow |
| 7:40 | Orc Burrow |
| 8:02 | Grunt |
| 8:24 | Demolisher |
| 8:33 | Peon |
| 8:33 | Peon |
| 8:42 | Tauren Totem |
| 9:05 | Grunt |
| 9:31 | Fortress |
| 10:10 | Steel Armor |
| 10:12 | Grunt |
| 11:59 | Peon |
| 12:04 | Peon |
| 12:13 | Orc Burrow |
| 12:14 | Orc Burrow |
| 12:20 | Watch Tower |
| 12:26 | Watch Tower |
| 12:29 | Peon |
| 12:30 | Peon |
| 12:44 | Peon |
| 13:11 | Peon |
| 13:27 | Peon |
| 13:55 | Spirit Lodge |
| 13:59 | Peon |
| Select group | 591 |
| Right click | 529 |
| Select | 144 |
| Build/train/purchase | 45 |
| Misc. action | 36 |
| Assign group | 18 |
| Use ability | 3 |
⇛